 Dungeon Crawl Stone Soup version 0.20-a0-820-g557356e (webtiles) character file.

69123 nikopol the Impaler (level 14, 0/195 HPs)
             Began as a Minotaur Berserker on Mar 3, 2017.
             Was the Champion of Trog.
             Slain by an ettin
             ... wielding a +0 dire flail
              (14 damage)
             ... on level 2 of the Orcish Mines on Mar 4, 2017.
             The game lasted 01:15:29 (26042 turns).

nikopol the Impaler (Minotaur Berserker)           Turns: 26042, Time: 01:15:29

Health: 0/195      AC: 20    Str: 29    XL:     14   Next: 89%
Magic:  4/4        EV: 22    Int:  4    God:    Trog [******]
Gold:   2234       SH:  0    Dex: 13    Spells: 13/13 levels left

rFire    + + .     SeeInvis .   a - +6 glaive (antimagic)
rCold    . . .     Gourm    +   V - +3 chain mail {rF+}
rNeg     . . .     Faith    .   (shield currently unavailable)
rPois    .         Spirit   .   P - +0 hat
rElec    .         Reflect  .   O - +0 cloak
rCorr    .         Harm     .   Q - +0 pair of gloves
MR       +....                  q - +0 pair of boots
Stlth    ..........             e - amulet of the gourmand
Regen    0.5/turn               B - ring of protection from fire
MPRegen  0.1/turn               u - +6 ring of evasion

@: berserking, slowed
A: retaliatory headbutt, horns 2
a: Berserk, Trog's Hand, Brothers in Arms, Burn Spellbooks, Renounce Religion


You were on level 2 of the Orcish Mines.
You worshipped Trog.
Trog was exalted by your worship.
You were very full.

You visited 3 branches of the dungeon, and saw 19 of its levels.
You also visited: Labyrinth and Volcano.

You collected 2234 gold pieces.

Inventory:

Hand Weapons
 a - a +6 antimagic glaive (weapon)
 z - a +2 longbow of freezing
Missiles
 r - 243 arrows (quivered)
Armour
 q - a +0 pair of boots (worn)
 O - a +0 cloak (worn)
 P - a +0 hat (worn)
 Q - a +0 pair of gloves (worn)
 V - a +3 chain mail of fire resistance (worn)
Jewellery
 e - an amulet of the gourmand (around neck)
 u - a +6 ring of evasion (left hand)
 B - a ring of protection from fire (right hand)
Wands
 g - a wand of confusion (11/48)
 H - a wand of paralysis (12/24)
 L - a wand of digging (9/24)
Scrolls
 i - 6 scrolls of teleportation
 l - 10 scrolls of remove curse
 m - 3 scrolls of enchant weapon
 o - 3 scrolls of identify
 p - 3 scrolls of blinking {unknown}
 v - a scroll of magic mapping
 w - 2 scrolls of fear {unknown}
 y - a scroll of noise {unknown}
 A - 2 scrolls of recharging {unknown}
 D - 2 scrolls of vulnerability {unknown}
 E - a scroll of acquirement {unknown}
 M - 2 scrolls of random uselessness {unknown}
 N - a scroll of fog {unknown}
 X - a scroll of summoning {unknown}
Potions
 f - 5 potions of haste
 h - 4 potions of agility
 j - 5 potions of flight
 s - a potion of resistance
 t - 8 potions of curing
 x - 2 potions of invisibility {unknown}
 C - 5 potions of brilliance
 G - 4 potions of heal wounds
 I - 2 potions of ambrosia
 T - 4 potions of might
 U - a potion of cancellation {unknown}
Comestibles
 b - 9 chunks of flesh
 c - 13 bread rations
 d - 45 fruits
 k - 12 meat rations
 K - 14 royal jellies


   Skills:
 + Level 13.9 Fighting
 * Level 16.9 Polearms
 * Level 11.9 Bows
 + Level 13.2 Armour
 + Level 12.2 Dodging


You had 13 spell levels left.
You didn't know any spells.

Dungeon Overview and Level Annotations

Branches:
Dungeon (11/15)            Temple (0/1) D:7            Lair (6/6) D:10
 Shoals (0/4) Lair:2        Snake (0/4) Lair:3        Slime (0/5) Lair:5
    Orc (2/2) D:9             Elf (0/3) Orc:2

Altars:
Cheibriados
Dithmenos
Elyvilon
Fedhas
Gozag
Nemelex Xobeh
Ru
Trog
Vehumet
Xom
Zin
The Shining One
Beogh
Jiyva

Shops:
Orc:1 [


Innate Abilities, Weirdness & Mutations

You reflexively headbutt those who attack you in melee.
You have a pair of horns on your head.


Message History

You are too injured to fight recklessly!
You are too injured to fight recklessly!
You are too injured to fight recklessly!
You are too injured to fight recklessly!
You are too injured to fight recklessly!
You are too injured to fight recklessly!
You are too injured to fight recklessly!
You are too injured to fight recklessly!
You are too injured to fight recklessly!
You are too injured to fight recklessly!
You are too injured to fight recklessly!
You are too injured to fight recklessly!
A red film seems to cover your vision as you go berserk!
You feel yourself moving faster!
You feel mighty! The ogre mage completely misses you.
The ogre mage hits you but does no damage.
You are electrocuted!
* * * LOW HITPOINT WARNING * * *
The ettin closely misses you. The ettin hits you with a dire flail!
You die...

#..# ... ..o .
#...##.##.. ..
..#.#....# ... #....e..#
##.......##...e..
.........#...o###
###.......#.#...(.#
.#........((.(.oC)#
#.......)...(..O@.#
....#..........O))#
#...#..........#..#
##...[)..(........#
.#....).[(........#
.......[.(.......##
.......[.....#..#######
................#.#.#.##
.......................#


You could see an ettin, 2 ogre magi, a deep elf knight, a deep elf mage, an orc
sorcerer and an orc warrior.

Vanquished Creatures
  An azure jelly (Lair:5)
  A minotaur (Lab)
  Erolcha (D:9)
  Erica (D:10)
  5 hydras
  A merfolk avatar (Lair:6)
  12 two-headed ogres
  2 ogre magi (Orc:2)
  6 death yaks (Lair:2)
  Sonja (Lair:1)
  A hell knight (Volcano)
  A salamander mystic (Volcano)
  A sea snake (Lair:6)
  An orc knight (Orc:1)
  2 oklob plants (Lair:3)
  2 orc sorcerers (Orc:1)
  4 salamanders (Volcano)
  10 elephants
  3 black mambas
  2 torpor snails
  2 molten gargoyles (Volcano)
  15 spiny frogs
  12 komodo dragons
  9 rime drakes
  5 polar bears
  2 hornets (D:9)
  A wind drake (Lair:6)
  Grinder (D:3)
  11 blink frogs
  8 hippogriffs
  4 dream sheep (Lair:4)
  8 wyverns
  20 yaks
  4 basilisks
  A wraith (D:10)
  2 fire bats (Volcano)
  A steam dragon (D:8)
  2 hungry ghosts
  2 wargs
  Menkaure (D:5)
  10 swamp worms (Lair:5)
  2 soldier ants (D:9)
  12 water moccasins
  A naga (Lair:3)
  21 porcupines
  8 orc warriors
  2 sky beasts
  5 ice beasts
  A black bear (D:8)
  22 ogres
  7 centaurs
  17 wolves
  17 crocodiles
  2 big kobolds
  A gnoll sergeant (D:10)
  13 bullfrogs
  A water moccasin zombie (D:9)
  3 scorpions
  4 killer bees (D:8)
  18 wights
  4 howler monkeys
  3 lava snakes (Volcano)
  The ghost of Sapher the Ruffian, a weakling VSFi of Wu Jian (D:6)
  A centaur zombie (D:8)
  6 crimson imps
  A quasit (D:10)
  4 hounds
  A jelly (D:11)
  12 orc priests
  A gnoll shaman (D:5)
  3 bullfrog skeletons
  17 orc wizards
  2 centaur skeletons
  4 iguanas
  12 worker ants
  6 hell rats (Lair:2)
  3 hound zombies
  A howler monkey zombie (D:10)
  14 gnolls
  15 river rats (Lair:2)
  12 adders
  2 shadow imps
  An ooze (D:3)
  An adder skeleton (D:5)
  10 worms
  5 dart slugs
  8 leopard geckos
  57 orcs
  8 bats
  10 giant cockroaches
  8 hobgoblins
  14 jackals
  18 kobolds
  13 quokkas
  2 ball pythons
  4 frilled lizards
  A giant cockroach zombie (D:5)
  4 goblins
  A jackal skeleton (D:5)
  A quokka skeleton (D:6)
  A quokka zombie (D:6)
  20 rats
  A fungus (Lair:4)
  3 plants
652 creatures vanquished.

Vanquished Creatures (collateral kills)
  2 orc warriors (Orc:1)
  An orc priest (Orc:1)
  An orc wizard (Orc:1)
  2 orcs (Orc:1)
6 creatures vanquished.

Vanquished Creatures (others)
  A hound (D:8)
  An orc (D:8)
  19 fungi
  12 plants
33 creatures vanquished.

Grand Total: 691 creatures vanquished

Notes
Turn   | Place    | Note
-------+----------+-------------------------------------------
     0 | D:1      | nikopol the Minotaur Berserker began the quest for the Orb.
     0 | D:1      | Reached XP level 1. HP: 19/19 MP: 0/0
    75 | D:1      | Reached XP level 2. HP: 27/27 MP: 1/1
   734 | D:1      | Reached skill level 4 in Polearms
   749 | D:2      | Reached XP level 3. HP: 33/33 MP: 2/2
   771 | D:2      | Reached ** piety under Trog
  1014 | D:2      | Found a radiant altar of Vehumet.
  1279 | D:2      | Reached XP level 4. HP: 40/40 MP: 3/3
  1637 | D:3      | Noticed Grinder
  1646 | D:3      | Paralysed by Grinder for 7 turns
  1658 | D:3      | Killed Grinder
  1658 | D:3      | Reached skill level 5 in Fighting
  1658 | D:3      | Reached skill level 5 in Polearms
  1658 | D:3      | Reached XP level 5. HP: 11/48 MP: 4/4
  1658 | D:3      | Reached XP level 6. HP: 13/56 MP: 5/5
  2140 | D:3      | Reached *** piety under Trog
  2766 | D:4      | Reached skill level 5 in Armour
  2766 | D:4      | Reached XP level 7. HP: 54/61 MP: 6/6
  2923 | D:4      | Reached skill level 6 in Polearms
  3469 | D:4      | Found a sparkling altar of Nemelex Xobeh.
  3810 | D:5      | Entered Level 5 of the Dungeon
  3856 | D:5      | Noticed Menkaure
  3865 | D:5      | Killed Menkaure
  3865 | D:5      | Reached skill level 5 in Dodging
  4101 | D:5      | Found a sacrificial altar of Ru.
  4416 | D:5      | Reached XP level 8. HP: 70/71 MP: 7/7
  4428 | D:5      | Found a shadowy altar of Dithmenos.
  4872 | D:6      | Reached **** piety under Trog
  4876 | D:6      | Noticed Sapher's ghost (weakling VSFi)
  4880 | D:6      | Killed Sapher's ghost
  4885 | D:6      | Reached skill level 7 in Polearms
  5244 | D:6      | Found a snail-covered altar of Cheibriados.
  5473 | D:7      | Reached skill level 8 in Polearms
  5708 | D:7      | Found a staircase to the Ecumenical Temple.
  5800 | D:7      | Reached XP level 9. HP: 78/81 MP: 8/8
  6075 | D:7      | Found a shadowy altar of Dithmenos.
  6085 | D:7      | Found a blossoming altar of Fedhas.
  6087 | D:7      | Found a white marble altar of Elyvilon.
  6437 | D:7      | Reached ***** piety under Trog
  6643 | D:8      | Reached skill level 9 in Polearms
  7131 | D:8      | Found a glowing golden altar of the Shining One.
  7214 | D:8      | Found a glowing silver altar of Zin.
  7234 | D:8      | Noticed an angel
  7235 | D:8      | Found a shimmering altar of Xom.
  7354 | D:8      | Found an opulent altar of Gozag.
  7512 | D:8      | Reached skill level 10 in Polearms
  7689 | D:8      | Noticed a two-headed ogre
  7699 | D:8      | Killed a two-headed ogre
  7699 | D:8      | Reached XP level 10. HP: 55/91 MP: 9/9
  7856 | D:8      | Received a gift from Trog
  8102 | D:9      | Noticed Erolcha
  8116 | D:9      | Killed Erolcha
  8117 | D:9      | Found a staircase to the Orcish Mines.
  8192 | D:9      | Reached skill level 11 in Polearms
  8327 | D:9      | Found a roughly hewn altar of Beogh.
  8694 | D:9      | Reached skill level 10 in Fighting
  9057 | D:9      | Noticed a two-headed ogre
  9071 | D:9      | Killed a two-headed ogre
  9071 | D:9      | Reached skill level 1 in Bows
  9071 | D:9      | Reached XP level 11. HP: 63/100 MP: 10/10
  9322 | D:9      | Reached skill level 12 in Polearms
  9335 | D:9      | Reached skill level 10 in Armour
  9562 | D:9      | Received a gift from Trog
 10101 | D:10     | Entered Level 10 of the Dungeon
 10101 | D:10     | Noticed a two-headed ogre
 10108 | D:10     | Killed a two-headed ogre
 10687 | D:10     | Noticed Erica
 10707 | D:10     | Killed Erica
 11253 | D:10     | Found a staircase to the Lair.
 11685 | Lair:1   | Entered Level 1 of the Lair of Beasts
 11866 | Lair:1   | Received a gift from Trog
 11871 | Lair:1   | Reached skill level 13 in Polearms
 12080 | Lair:1   | Reached skill level 5 in Bows
 12411 | Lair:1   | Noticed Sonja
 12424 | Lair:1   | Killed Sonja
 12428 | Lair:1   | HP: 4/102 [poisoned by Sonja (curare-tipped needle)]
 12816 | Lair:1   | Reached XP level 12. HP: 102/110 MP: 11/11
 13638 | Lair:2   | Reached skill level 10 in Dodging
 14005 | Lair:2   | Upgraded the game from 0.20-a0-809-gaf7f668 to 0.20-a0-820-g557356e
 14259 | Lair:2   | Noticed a four-headed hydra
 14270 | Lair:2   | Killed a four-headed hydra
 14288 | Lair:2   | Noticed a death yak
 14295 | Lair:2   | Noticed a death yak
 14298 | Lair:2   | Noticed a death yak
 14300 | Lair:2   | Noticed a death yak
 14305 | Lair:2   | Killed a death yak
 14307 | Lair:2   | Noticed a death yak
 14681 | Lair:2   | Killed a death yak
 14886 | Lair:2   | Found a staircase to the Shoals.
 15001 | Lair:2   | Noticed a death yak
 15011 | Lair:2   | Killed a death yak
 15011 | Lair:2   | Reached skill level 14 in Polearms
 15017 | Lair:2   | Killed a death yak
 15026 | Lair:2   | Killed a death yak
 15034 | Lair:2   | Killed a death yak
 15754 | Lair:2   | Received a gift from Trog
 16221 | Lair:3   | Found a staircase to the Snake Pit.
 16320 | Lair:3   | Found a dark tunnel.
 16324 | Volcano  | Entered a volcano
 16441 | Volcano  | Found a burning altar of Makhleb.
 16472 | Volcano  | Reached XP level 13. HP: 103/118 MP: 12/12
 17464 | Lair:3   | Received a gift from Trog
 17471 | Lair:3   | Reached skill level 15 in Polearms
 20064 | Lair:5   | Found a runed door.
 20121 | Lair:5   | Found a labyrinth entrance.
 20141 | Lab      | Entered a labyrinth
 20276 | Lab      | Noticed a minotaur
 20284 | Lab      | Killed a minotaur
 20344 | Lair:5   | Reached ****** piety under Trog
 20360 | Lair:5   | Reached skill level 10 in Bows
 20787 | Lair:5   | Found a viscous altar of Jiyva.
 20787 | Lair:5   | Found a staircase to the Slime Pits.
 20788 | Lair:5   | Noticed an azure jelly
 20799 | Lair:5   | Killed an azure jelly
 21049 | Lair:5   | Received a gift from Trog
 21157 | Lair:5   | Reached XP level 14. HP: 110/129 MP: 13/13
 21332 | Lair:5   | Reached skill level 16 in Polearms
 21675 | Lair:6   | Entered Level 6 of the Lair of Beasts
 23291 | Lair:6   | Received a gift from Trog
 23886 | D:11     | Found a bloodstained altar of Trog.
 24644 | Orc:1    | Entered Level 1 of the Orcish Mines
 24916 | Orc:2    | Entered Level 2 of the Orcish Mines
 24967 | Orc:1    | Found Sudec's Armour Shoppe.
 25083 | Orc:2    | Received a gift from Trog
 25086 | Orc:2    | Found a staircase to the Elven Halls.
 25636 | Orc:1    | Received a gift from Trog
 25930 | Orc:1    | Received a gift from Trog
 26042 | Orc:2    | Slain by an ettin

Vault maps used:
D:1:      onia_arrival_larder
D:2:      lemuel_doored_altar
D:3:      uniq_grinder
D:4:      minmay_door_path, marbit_many_paths, first_bread, minivault_24,
          minivault_27
D:5:      kennysheep_mini, nicolae_dithmenos_through_a_glass_darkly,
          uniq_menkaure
D:6:      cheibriados_altar_1, minmay_misc_feat_more_columns
D:7:      gammafunk_temple_overflow_forgotten, minmay_temple_entry_junction
D:8:      grunt_temple_overflow_order_and_chaos_1,
          nicolae_tso_swordbearing_angel, basic_altar
D:9:      minmay_orc_entry_temple_small, hangedman_pestilent_swarm, uniq_erolcha
D:10:     grunt_lair_entry_orc_guard_hut, serial_column_ruins,
          column_ruins_grid_3, column_ruins_columns_dead_end,
          column_ruins_corridor_dead_end, column_ruins_grid_4,
          column_ruins_grid_2, column_ruins_grid_4, uniq_erica
D:11:     basic_altar, minivault_24
Lair:1:   infiniplex_staircase_pool_2, serial_bayou_shore_a, grunt_megastairs_3,
          uniq_sonja
Lair:2:   lemuel_ratsnest, elwin_shoals_entry_rooms, lemuel_fruit_fields,
          lemuel_fruit_tree
Lair:3:   guppyfry_snake_entry_garden, nicolae_volcano_entry_lava_flow,
          beast_lair_carwin_2, grunt_megastairs_2
Lair:5:   slime_altar_2, lab_entry_generic, worms_lemuel
Lair:6:   gammafunk_lair_ancient_temple
Orc:1:    serial_shops, shop
Orc:2:    st_orc_ogre_mass, serial_shops, shop, basic_altar, elf_legates
Lab:      labyrinth_hidden_loot, nicolae_lab_statue, lab_statue
Volcano:  volcano_lake

Skill      XL: |  1  2  3  4  5  6  7  8  9 10 11 12 13 14 |
---------------+-------------------------------------------+-----
Armour         | 3 4 5 6 7 8 9 10 11 12 13 | 13.2
Polearms       | 4 5 6 8 10 11 13 14 15 16 | 16.9
Fighting       | 4 5 6 7 9 10 11 12 13 | 13.9
Dodging        | 3 4 5 6 7 9 10 11 12 | 12.2
Bows           | 1 5 8 10 11 | 11.9

Action                   |  1- 3 |  4- 6 |  7- 9 | 10-12 | 13-15 || total
-------------------------+-------+-------+-------+-------+-------++-------
Melee: Spear             |   111 |    98 |   228 |   879 |    39 ||  1355
       Headbutt          |    21 |    19 |    76 |   197 |   187 ||   500
       Trident           |       |       |   206 |       |   603 ||   809
       Glaive            |       |       |       |       |   110 ||   110
 Fire: Shortbow          |       |       |       |   188 |     3 ||   191
       Longbow           |       |       |       |    12 |   311 ||   323
Invok: Berserk           |       |     3 |     2 |     7 |     5 ||    17
       Burn Spellbooks   |       |       |     1 |       |     4 ||     5
       Trog's Hand       |       |       |       |       |     1 ||     1
       Brothers in Arms  |       |       |       |       |     1 ||     1
  Use: Scroll            |       |     2 |       |    13 |     5 ||    20
       Potion            |       |       |       |     1 |     1 ||     2
 Stab: Sleeping          |     3 |       |       |       |       ||     3
  Eat: Chunk             |     1 |     6 |    17 |    45 |    36 ||   105
       Royal jelly       |       |       |     1 |       |       ||     1
Armor: Animal skin       |     9 |       |       |       |       ||     9
       Scale mail        |       |    26 |    65 |   163 |       ||   254
       Chain mail        |       |       |       |       |   224 ||   224
Dodge: Dodged            |    37 |    44 |   154 |   323 |   595 ||  1153
